AoeStats
← pierfranco.piccinni

Migration

510168306Analyzed
1v1 RM · 1d ago on Sep 29, 2026· 62m 58s· 2 players
Game mode
Random Map
Map size
132×132
Population
200
Speed
Normal
Resources
Standard
Victory
Conquest
Starting age
Dark Age
Ending age
Imperial Age
RankedLock teamsTeams togetherTeam positionsShared explorationLock speedFull tech treeHidden civsTurbo modeCheats
Victory
Defeat
🇺🇸 Byzantines · United States
642
+15
621
-15
pierfranco.piccinni
13:49 Feudal Age
19:45 Wheelbarrow
22:16 Castle Age
22:06 Double-Bit Axe
22:17 Gold Mining
22:09 Horse Collar
25:08 Hand Cart
26:30 Medium Warships
34:38 Imperial Age
32:22 Bow Saw
32:50 Gold Shaft Mining
32:20 Heavy Plow
35:09 Scale Barding Armor
35:15 Forging
37:37 Chain Barding Armor
37:53 Iron Casting
37:25 Husbandry
39:09 Plate Barding Armor
38:17 Cavalier
39:37 Heavy Warships
39:53 Conscription
61:09 Elite Cataphract
Deltoid
10:29 Loom
12:39 Feudal Age
13:31 Man-at-Arms
15:53 Gold Mining
16:31 Double-Bit Axe
22:28 Castle Age
23:29 Medium Warships
24:10 Stone Mining
25:44 Bow Saw
27:35 Fishing Lines
33:11 Wheelbarrow
32:36 Fletching
37:08 Imperial Age
35:09 Gillnets
38:02 Crossbowman
40:25 Heavy Warships
40:05 Arbalester
41:05 Elite Skirmisher
45:28 Capped Ram
51:39 Bodkin Arrow
55:43 Hand Cart
56:17 Ballistics
56:11 Clinker Construction
57:20 Horse Collar
57:44 Siege Ram
Connection lost

Rejoining the realm…

Still unreachable

The connection could not be restored.

Session expired

The server has moved on; the page needs a fresh start.